 Dungeon Crawl Stone Soup version 0.30-a0-219-gf2db51d15e (webtiles) character file.

Game seed: 3381991661384858805

1992 Decritt the Sneak (level 9, 0/45 HPs)
             Began as a Vine Stalker Enchanter on Oct 7, 2022.
             Succumbed to a killer bee's poison
             ... on level 7 of the Dungeon.
             The game lasted 00:19:05 (5570 turns).

Decritt the Sneak (Vine Stalker Enchanter)          Turns: 5570, Time: 00:19:06

Health: 0/45       AC:  5    Str: 11    XL:     9   Next: 21%
Magic:  4/17       EV: 14    Int: 15    God:
Gold:   381        SH:  5    Dex: 19    Spells: 10/18 levels left

rFire   . . .      SeeInvis .    m - +5 dagger (flame)
rCold   . . .      Faith    .    (no shield)
rNeg    . . .      Spirit   +    b - +0 robe
rPois   .          Reflect  +    (no helmet)
rElec   .          Harm     .    p - scarf {repulsion}
rCorr   .          Rampage  .    o - +2 pair of gloves
Will    +....                    (no boots)
Stlth   ++++......               v - amulet of reflection
HPRegen 1.07/turn                a - ring of flight
MPRegen 0.15/turn                E - ring of wizardry

@: lethally poisoned (0 -> -2), flying, repel missiles
A: fangs 3, regeneration 1, magic shield, antimagic bite, no potion heal 2
a: no special abilities


You were on level 7 of the Dungeon.
You visited 2 branches of the dungeon, and saw 9 of its levels.

You collected 381 gold pieces.

Inventory:

Hand Weapons
 m - a +5 dagger of flaming (weapon)
Armour
 b - a +0 robe (worn)
 n - +0 acid dragon scales
 o - a +2 pair of gloves (worn)
 p - a scarf of repulsion (worn)
Jewellery
 a - a ring of flight (left hand)
 v - an amulet of reflection (around neck)
 E - a ring of wizardry (right hand)
Wands
 f - a wand of flame (30)
 r - a wand of digging (6)
 t - a wand of polymorph (14)
 y - a wand of mindburst (4)
Scrolls
 i - a scroll of vulnerability {unknown}
 q - a scroll of poison
 u - 2 scrolls of immolation
 w - 4 scrolls of teleportation
Potions
 c - 2 potions of invisibility
 d - a potion of magic
 e - 3 potions of lignification {unknown}
 g - a potion of resistance {unknown}
 h - a potion of ambrosia
 j - a potion of flight {unknown}
 k - 3 potions of heal wounds {unknown}
 l - a potion of haste {unknown}
 s - 2 potions of curing
 x - a potion of might {unknown}
 z - 2 potions of mutation {unknown}
 B - a potion of brilliance {unknown}
 D - a potion of cancellation {unknown}


   Skills:
 + Level 4.1 Fighting
 + Level 4.1 Short Blades
 + Level 1.2 Armour
 - Level 4.0 Dodging
 + Level 7.4 Stealth
 + Level 5.1 Spellcasting
 + Level 5.6 Hexes


You had 10 spell levels left.
You knew the following spells:

 Your Spells              Type           Power      Damage    Failure   Level
a - Confusing Touch       Hex            20%        N/A       1%          3
b - Tukima's Dance        Hex            20%        N/A       1%          3
c - Ensorcelled Hibernat  Hex/Ice        24%        N/A       3%          2

Your spell library contained the following spells:

 Spells                   Type           Power      Damage    Failure   Level
 Beastly Appendage        Tmut           6%         N/A       6%          1
 Freeze                   Ice            12%        1d4       6%          1
 Sandblast                Erth           6%         2d5       6%          1
 Dazzling Flash           Conj/Hex       24%        N/A       6%          3
 Passwall                 Tmut/Erth      2%         N/A       10%         2
 Sublimation of Blood     Necr           3%         N/A       10%         2
 Wereblood                Tmut           3%         N/A       10%         2
 Frozen Ramparts          Ice            6%         1d1       19%         3
 Hailstorm                Conj/Ice       3%         3d3       19%         3
 Spider Form              Tmut/Pois      3%         N/A       19%         3
 Stone Arrow              Conj/Erth      6%         3d7       19%         3
 Swiftness                Air            3%         N/A       19%         3
 Yara's Violent Unravell  Hex/Tmut       6%         3d5       45%         5
 Passage of Golubria      Tloc           3%         N/A       52%         4
 Petrify                  Tmut/Erth      3%         N/A       52%         4
 Irradiate                Conj/Tmut      1%         3d12      85%         5


Dungeon Overview and Level Annotations

Branches:
Dungeon (8/15)             Temple (1/1) D:7
   Lair: D:8-11

Altars:
Ashenzari
Cheibriados
Elyvilon
Gozag
Hepliaklqana
Kikubaaqudgha
Makhleb
Qazlal
Ru
Sif Muna
Trog
Uskayaw
Vehumet
Wu Jian
Xom
Yredelemnul


Innate Abilities, Weirdness & Mutations

You have razor-sharp teeth.
Your natural rate of healing is unusually fast.
When hurt, damage is shared between your health and your magic reserves.
Your bite disrupts and absorbs the magic of your enemies.
Potions cannot restore your health.


Message History

You feel sick. The killer bee stings you. The gnoll misses you.
The gnoll hits you with a +0 flail!
* * * LOW HITPOINT WARNING * * *
The killer bee stings you but does no damage.
You miss the killer bee.
The killer bee is heavily wounded.
You feel sick. The killer bee closely misses you.
The gnoll closely misses you. x2
Unknown command.
The gnoll attacks as you move away! The gnoll barely misses you.
You feel sick. The killer bee stings you.
* * * LOW HITPOINT WARNING * * *
The gnoll attacks as you move away! The gnoll barely misses you.
You feel sick. The killer bee stings you!
* * * LOW HITPOINT WARNING * * *
The killer bee stings you.
* * * LOW HITPOINT WARNING * * *
You are more poisoned.
The killer bee poisons you! The gnoll barely misses you.
You block the gnoll's attack. Magic courses through your body.
* * * LOW HITPOINT WARNING * * *
You feel very sick.
The killer bee stings you but does no damage.
The killer bee closely misses you. The gnoll misses you.
The gnoll hits you with a +0 whip.
* * * LOW HITPOINT WARNING * * *
You miss the killer bee. Your bite misses the killer bee.
The killer bee is heavily wounded.
* * * LOW HITPOINT WARNING * * *
You feel sick.
The gnoll is no longer moving quickly. x2
The killer bee completely misses you. The killer bee misses you.
You miss the killer bee.
The killer bee is heavily wounded.
* * * LOW HITPOINT WARNING * * *
You feel sick. The killer bee stings you! The gnoll hits you with a +0 whip.
The gnoll closely misses you.
As you read the scroll of fear, it crumbles to dust.
You assume a fearsome visage.
The killer bee looks frightened!
The gnoll looks frightened! x2
You die...

#.# ##.....# ###.# #.......
##...###.......
##......'..._... ###
#.......#....... #.##
#.......#.......
##..###.#.....##.....#
#.#.g...#...#..###'###
##...g@..##.##....#...#
#######...>y#..#..##....##..#
#..#........#..##.##.....##..
##...........#...#.#..#######.
#................<.##.### ##.
###.......รท....#......#.####..
#.##..#..#.#####............
####..#..#..###......##.....
##.........##.#...###....


You could see a killer bee (fleeing) and 2 gnolls.

Vanquished Creatures
  The ghost of Decritt the Magician, an amateur DjAE (D:4)
  A steam dragon (D:7)
  An acid dragon (D:7)
  An orc warrior (D:7)
  2 ice beasts (D:6)
  2 sky beasts
  A black bear (D:4)
  A phantom (D:6)
  A centaur (D:5)
  2 bullfrogs (D:7)
  A scorpion (D:7)
  A necrophage (D:6)
  A gnoll bouda (D:6)
  5 hounds
  An orc priest (D:4)
  2 jellies (D:4)
  Jessica (D:2)
  An iguana (D:6)
  Ijyb (D:3)
  An orc wizard (D:5)
  Robin (D:2)
  9 gnolls
  7 adders
  A shadow imp (D:6)
  A white imp (D:7)
  An ufetubus (D:4)
  3 worms
  3 dart slugs
  18 orcs
  10 bats
  10 endoplasms
  2 giant cockroaches (D:1)
  15 goblins
  7 hobgoblins
  6 jackals
  8 kobolds
  2 quokkas
  8 ball pythons
  3 frilled lizards
  6 rats
149 creatures vanquished.

Vanquished Creatures (others)
  A goblin (D:2)
1 creature vanquished.

Grand Total: 150 creatures vanquished

Notes
Turn   | Place    | Note
-------+----------+-------------------------------------------
     0 | D:1      | Decritt the Vine Stalker Enchanter began the quest for the
                  | Orb.
     0 | D:1      | Reached XP level 1. HP: 9/9 MP: 4/4
    63 | D:1      | Reached skill level 1 in Short Blades
    93 | D:1      | Reached XP level 2. HP: 9/13 MP: 4/6
   438 | D:1      | Reached skill level 4 in Stealth
   464 | D:1      | Reached XP level 3. HP: 17/17 MP: 7/7
  1048 | D:2      | Reached skill level 1 in Fighting
  1048 | D:2      | Gained mutation: Your natural rate of healing is unusually
                  | fast. [Vine Stalker growth]
  1048 | D:2      | Reached XP level 4. HP: 22/22 MP: 8/8
  1120 | D:2      | Noticed Robin
  1142 | D:2      | Killed Robin
  1340 | D:2      | Noticed Jessica
  1343 | D:2      | Killed Jessica
  1344 | D:2      | Reached XP level 5. HP: 25/25 MP: 10/10
  1381 | D:2      | Found a faded altar of an unknown god.
  1810 | D:3      | Noticed Ijyb
  1818 | D:3      | Killed Ijyb
  1919 | D:3      | Found a white marble altar of Elyvilon.
  2144 | D:4      | Reached XP level 6. HP: 30/30 MP: 9/11
  2182 | D:4      | Found a runed translucent door.
  2193 | D:4      | Noticed Decritt's ghost (amateur DjAE)
  2228 | D:4      | Killed Decritt's ghost
  2229 | D:4      | Reached skill level 5 in Stealth
  2297 | D:4      | Found a broken altar of Ashenzari.
  2822 | D:4      | Reached XP level 7. HP: 35/35 MP: 13/13
  3010 | D:5      | Entered Level 5 of the Dungeon
  3169 | D:5      | Found a shimmering blue altar of Sif Muna.
  3579 | D:6      | Reached skill level 6 in Stealth
  3632 | D:6      | Gained mutation: You have razor-sharp teeth. [Vine Stalker
                  | growth]
  3632 | D:6      | Reached XP level 8. HP: 29/39 MP: 10/15
  3715 | D:6      | Learned a level 3 spell: Confusing Touch
  3719 | D:6      | Learned a level 3 spell: Tukima's Dance
  3722 | D:6      | Learned a level 2 spell: Ensorcelled Hibernation
  3824 | D:6      | Found an ornate altar of the Wu Jian Council.
  4394 | D:7      | Reached skill level 5 in Hexes
  4416 | D:7      | Found a snail-covered altar of Cheibriados.
  4754 | D:6      | Reached skill level 7 in Stealth
  4758 | D:6      | Reached XP level 9. HP: 40/45 MP: 13/17
  4814 | D:6      | Reached skill level 5 in Spellcasting
  4886 | D:7      | Found a staircase to the Ecumenical Temple.
  4904 | Temple   | Entered the Ecumenical Temple
  5082 | D:7      | Reached skill level 1 in Armour
  5386 | D:7      | Found a radiant altar of Vehumet.
  5520 | D:7      | Found a sacrificial altar of Ru.
  5569 | D:7      | HP: 1/45 [poisoned by a killer bee]
  5570 | D:7      | Succumbed to a killer bee's poison

Illustrated notes

Levels and vault maps discovered:
D:1:      dpeg_arrival_shelter, layout_loops_corners, st_stairs_7
D:2:      layout_basic, ebering_ecumenical_altar_mist, uniq_jessica, uniq_robin
D:3:      layout_basic, elyvilon_altar_1, uniq_ijyb
D:4:      layout_loops_ring, cheibrodos_ashenzari_chains,
          ebering_ghost_reflecting_pool, minmay_misc_feat_ornament,
          kennysheep_cross_bottleneck
D:5:      layout_rooms, lemuel_blue_sif_altar
D:6:      layout_loops_cross, mainiacjoe_overflow_paths,
          kennysheep_small_spiral, chequers_serial_rivers_micro_a,
          nicolae_benzene_ring
D:7:      layout_cave_pools, overflow_temple_1_default,
          nicolae_ru_the_path_less_chosen, nicolae_vehumet_altar_sigil,
          minmay_temple_entry_glass, serial_glass, glass_columns_c,
          glass_columns_b, skrybe_limestone_x, kennysheep_nub
D:8:      layout_layer_cave, grunt_lair_entry_orc_guard_hut
Temple:   hellmonk_temple_forest_ring

Skill      XL: |  1  2  3  4  5  6  7  8  9 |
---------------+----------------------------+-----
Short Blades   | 1 2 3 4 |  4.1
Stealth        | 4 5 6 7 |  7.4
Dodging        | 2 3 4 |  4.0
Fighting       | 1 2 3 4 |  4.1
Spellcasting   | 3 4 5 |  5.1
Hexes          | 4 5 |  5.6
Armour         | 1 |  1.2

Action                   |  1- 3 |  4- 6 |  7- 9 || total
-------------------------+-------+-------+-------++-------
Melee: Dagger            |    40 |   128 |   232 ||   400
       Bite              |    10 |    44 |    90 ||   144
       Short sword       |    44 |    37 |       ||    81
       Punch             |     1 |     2 |     4 ||     7
 Cast: Ensorcelled Hiber |       |       |     3 ||     3
  Use: Scroll            |       |    11 |    11 ||    22
       Potion            |       |       |     3 ||     3
 Stab: Sleeping          |    12 |    14 |     8 ||    34
Armor: Robe              |    17 |    31 |    46 ||    94
Dodge: Dodged            |    50 |    72 |   180 ||   302
       Repelled          |       |     2 |     1 ||     3
Block: Other             |       |       |     6 ||     6

Table legend: (Time is in decaauts)
 A = Elapsed time spent in this place.
 B = Non-inter-level travel time spent in this place.
 C = Inter-level travel time spent in this place.
 D = Time resting spent in this place.
 E = Time spent auto-exploring this place.
 F = Levels seen in this place.
 G = Mean time per level.
                   A        B        C        D        E       F      G
               +--------+--------+--------+--------+--------+-----+--------+
         Total |   5511 |   5371 |    140 |    286 |   3911 |   9 |  612.3 |
       Dungeon |   5347 |   5221 |    126 |    286 |   3770 |   8 |  668.4 |
        Temple |    163 |    149 |     14 |      0 |    141 |   1 |  163.0 |
               +--------+--------+--------+--------+--------+-----+--------+

Top non-repeatable levels by time:
     D:6: 1207 daAuts
     D:1: 912 daAuts
     D:4: 876 daAuts
     D:3: 709 daAuts
     D:7: 690 daAuts
     D:2: 491 daAuts
     D:5: 454 daAuts
  Temple: 163 daAuts
     D:8: 4 daAuts
